 Dungeon Crawl Stone Soup version 0.23-a0-143-g1adec7b (webtiles) character file.

16416 chorionicmirror the Severer (level 12, -26/106 HPs)
             Began as a Minotaur Fighter on Sept 6, 2018.
             Was an Elder of Makhleb.
             Killed from afar by a frost giant (66 damage)
             ... with a bolt of cold
             ... in an ice cave.
             The game lasted 00:33:05 (9254 turns).

chorionicmirror the Severer (Minotaur Fighter)      Turns: 9254, Time: 00:33:06

Health: -26/106    AC: 10    Str: 25    XL:     12   Next: 9%
Magic:  11/11      EV: 14    Int: 10    God:    Makhleb [****..]
Gold:   704        SH: 15    Dex: 19    Spells: 11/11 levels left

rFire    . . .     SeeInvis .   a - +1 war axe
rCold    x . .     Gourm    .   c - +1 shield
rNeg     . . .     Faith    +   b - +0 scale mail
rPois    +         Spirit   .   F - +1 hat
rElec    .         Reflect  .   p - scarf {cloud immunity}
rCorr    .         Harm     .   o - +0 pair of gloves
MR       .....                  v - +0 pair of boots "Uptuenuh" {rC- Int+5 Slay+6}
Stlth    +.........             I - amulet of faith
HPRegen  0.27/turn              y - +3 ring of dexterity
MPRegen  0.12/turn              B - ring of poison resistance

@: agile, very slightly contaminated
A: retaliatory headbutt, horns 2
a: Minor Destruction, Lesser Servant of Makhleb, Major Destruction, Renounce
Religion


You were in an ice cave.
You worshipped Makhleb.
Makhleb was greatly pleased with you.
You were not hungry.

You visited 3 branches of the dungeon, and saw 12 of its levels.
You also visited: Sewer and Ice Cave.

You collected 704 gold pieces.

Inventory:

Hand Weapons
 a - a +1 war axe (weapon)
 r - a +3 vampiric dagger
 D - a +2 flail of crushing
Armour
 b - a +0 scale mail (worn)
 c - a +1 shield (worn)
 o - a +0 pair of gloves (worn)
 p - a scarf of cloud immunity (worn)
 v - the +0 pair of boots "Uptuenuh" (worn) {rC- Int+5 Slay+6}
   (You found it on level 5 of the Dungeon)

   It affects your intelligence (+5).
   It affects your accuracy and damage with ranged weapons and melee attacks
   (+6).
   It makes you vulnerable to cold.
 F - a +1 hat (worn)
Magical Staves
 g - an uncursed staff of power
 L - an uncursed staff of summoning
Jewellery
 n - a +3 ring of intelligence
 u - an uncursed amulet of the acrobat
 y - a +3 ring of dexterity (left hand)
 B - a ring of poison resistance (right hand)
 I - an amulet of faith (around neck)
Wands
 t - a wand of acid (7)
 z - a wand of iceblast (8)
 J - a wand of polymorph (10)
Scrolls
 d - 4 scrolls of teleportation
 l - 5 scrolls of remove curse
 s - 3 scrolls of magic mapping
 E - a scroll of enchant weapon
 G - 2 scrolls of amnesia
 K - 2 scrolls of identify
Potions
 e - 4 potions of heal wounds
 h - 5 potions of curing
 j - 5 potions of mutation
 k - 3 potions of lignification
 m - 4 potions of flight
 x - a potion of invisibility {unknown}
 A - 4 potions of cancellation
 C - a potion of brilliance {unknown}
 H - a potion of ambrosia {unknown}
Comestibles
 f - 18 rations
 w - 24 chunks of flesh


   Skills:
 - Level 10.0 Fighting
 - Level 16.0 Axes
 - Level 4.0 Armour
 * Level 13.7 Shields


You had 11 spell levels left.
You didn't know any spells.
Your spell library was empty.

Dungeon Overview and Level Annotations

Branches:
Dungeon (10/15)            Temple (1/1) D:7            Lair (1/6) D:10
    Orc: D:9-12

Altars:
Ashenzari
Cheibriados
Dithmenos
Elyvilon
Fedhas
Gozag
Hepliaklqana
Kikubaaqudgha
Makhleb
Nemelex Xobeh
Okawaru
Qazlal
Ru
Sif Muna
Trog
Uskayaw
Vehumet
Wu Jian
Xom
Yredelemnul
Zin
The Shining One
Beogh

Shops:
D:8 }


Innate Abilities, Weirdness & Mutations

You reflexively headbutt those who attack you in melee.
You have a pair of horns on your head.


Message History

You feel better.
The frost giant gestures at you while chanting.
The bolt of cold hits you!
You feel a terrible chill!
* * * LOW HITPOINT WARNING * * *
You feel much better.
A demon appears!
It doesn't seem very happy.
You see here a wolf skeleton.
Press: ? - help, v - describe, . - travel
Here: a frost giant, wielding a battleaxe of freezing The floor.
Evoke which item? (* to show all) (? for menu, Esc to quit)
Aiming: Polymorph
Press: ? - help, Shift-Dir - straight line, f - frost giant
Aim: a frost giant, wielding a battleaxe of freezing (chance to defeat MR: 6%)
The frost giant resists with almost no effort.
The frost giant casts a spell at you. The bolt of cold hits you!
You feel a terrible chill!
Ouch! That really hurt!
You die...

####.......###.......#
##..#######.......#
#### ##........##
###.......###
#.......### ##....###
###..## ##..#####
##.@.#.####
###..÷C..## ####.3Yh##
####..## # ###..#
###.3..# ###.†..###
##### ###.C..###
...C### ####.Y.h###


You could see a frost giant, a polar bear, a yak and a ynoxinul.

Vanquished Creatures
  2 hydras
  A two-headed ogre (D:8)
  The ghost of derval the Cruncher, a novice GnWn of Okawaru (D:8)
  Psyche (D:9)
  An ice statue (IceCv)
  12 polar bears (IceCv)
  2 hornets
  Grinder (D:6)
  A hippogriff (D:8)
  2 dream sheep (D:8)
  The ghost of KristoblXynda the Cudgeler, an amateur GrFi of Qazlal (D:5)
  21 yaks
  Grum (D:8)
  Edmund (D:6)
  A porcupine (Lair:1)
  2 water moccasins (Lair:1)
  Purgy (Sewer)
  3 orc warriors
  An eye of draining (D:8)
  3 ogres
  9 ice beasts
  3 phantoms (D:9)
  12 wolves
  4 centaurs
  3 big kobolds (D:8)
  14 bullfrogs
  A scorpion (D:9)
  A water moccasin skeleton (D:5)
  2 electric eels (Lair:1)
  3 howler monkeys
  3 crimson imps
  2 jellies
  2 hounds (D:7)
  5 orc priests
  2 centaur skeletons
  11 orc wizards
  2 bullfrog skeletons
  4 iguanas
  6 worker ants
  A killer bee zombie (D:9)
  A hound zombie (D:7)
  3 worker ant zombies
  11 adders
  2 river rats (D:3)
  A shadow imp (D:8)
  An ooze (D:1)
  An adder skeleton (D:5)
  An adder zombie (D:5)
  A worm (D:2)
  2 dart slugs
  7 leopard geckos
  32 orcs
  4 giant cockroaches
  6 goblins
  8 hobgoblins
  2 jackals (D:5)
  8 kobolds
  2 quokkas
  2 ball pythons
  14 bats
  15 frilled lizards
  A leopard gecko skeleton (D:8)
  A quokka skeleton (D:4)
  A quokka zombie (D:5)
  6 rats
  A fungus (Lair:1)
283 creatures vanquished.

Vanquished Creatures (collateral kills)
  A yak (IceCv)
1 creature vanquished.

Grand Total: 284 creatures vanquished

Notes
Turn   | Place    | Note
-------+----------+-------------------------------------------
     0 | D:1      | chorionicmirror the Minotaur Fighter began the quest for
                  | the Orb.
     0 | D:1      | Reached XP level 1. HP: 19/19 MP: 0/0
    82 | D:1      | Reached XP level 2. HP: 23/27 MP: 1/1
   150 | D:1      | Reached skill level 3 in Axes
   408 | D:1      | Reached XP level 3. HP: 33/33 MP: 2/2
   826 | D:2      | Reached skill level 4 in Axes
   832 | D:2      | Reached XP level 4. HP: 41/41 MP: 3/3
  1460 | D:3      | Found a shadowy altar of Dithmenos.
  1814 | D:3      | Reached skill level 5 in Axes
  1814 | D:3      | Reached XP level 5. HP: 36/47 MP: 4/4
  1854 | D:3      | Found a glowing drain.
  1860 | Sewer    | Entered a sewer
  1895 | Sewer    | Noticed Purgy
  1904 | Sewer    | Killed Purgy
  1904 | Sewer    | Reached skill level 5 in Fighting
  1904 | Sewer    | Reached skill level 6 in Axes
  2137 | D:4      | Reached XP level 6. HP: 52/56 MP: 5/5
  2183 | D:4      | Reached skill level 7 in Axes
  2799 | D:4      | Reached skill level 8 in Axes
  2799 | D:4      | Reached XP level 7. HP: 53/61 MP: 6/6
  3125 | D:5      | Entered Level 5 of the Dungeon
  3313 | D:5      | Got a pair of twisted boots
  3319 | D:5      | Identified the +0 pair of boots "Uptuenuh" {rC- Int+5
                  | Slay+6} (You found it on level 5 of the Dungeon)
  3481 | D:5      | Found a bloodstained altar of Trog.
  3552 | D:5      | Reached skill level 9 in Axes
  3627 | D:5      | Found a transporter.
  3640 | D:5      | Found a transporter.
  3640 | D:5      | Noticed KristoblXynda's ghost (amateur GrFi)
  3827 | D:5      | Reached skill level 10 in Axes
  4099 | D:5      | Reached XP level 8. HP: 65/68 MP: 7/7
  4111 | D:5      | Killed KristoblXynda's ghost
  4111 | D:5      | Reached skill level 11 in Axes
  4346 | D:6      | Found a burning altar of Makhleb.
  4354 | D:6      | Became a worshipper of Makhleb the Destroyer
  4575 | D:6      | Found a sparkling altar of Nemelex Xobeh.
  4636 | D:6      | Noticed Grinder
  4649 | D:6      | Killed Grinder
  4658 | D:6      | Noticed Edmund
  4669 | D:6      | Killed Edmund
  4669 | D:6      | Reached skill level 12 in Axes
  5154 | D:7      | Found a shadowy altar of Dithmenos.
  5184 | D:7      | Reached * piety under Makhleb
  5203 | D:7      | Found a staircase to the Ecumenical Temple.
  5249 | Temple   | Entered the Ecumenical Temple
  5500 | D:7      | Reached XP level 9. HP: 74/74 MP: 8/8
  5533 | D:7      | Reached skill level 13 in Axes
  5556 | D:7      | Found a deep blue altar of Sif Muna.
  6065 | D:8      | Noticed a two-headed ogre
  6069 | D:8      | Killed a two-headed ogre
  6069 | D:8      | Reached skill level 14 in Axes
  6332 | D:8      | Found a runed gate.
  6333 | D:8      | Found a runed gate.
  6333 | D:8      | Noticed derval's ghost (novice GnWn)
  6334 | D:8      | Found a runed gate.
  6346 | D:8      | Found a roughly hewn altar of Beogh.
  6640 | D:8      | Found a glowing golden altar of the Shining One.
  6816 | D:8      | Found Puischiv's Gadget Boutique.
  6827 | D:8      | Noticed Grum
  6828 | D:8      | Reached XP level 10. HP: 88/88 MP: 9/9
  6837 | D:8      | Killed Grum
  6847 | D:8      | Reached skill level 15 in Axes
  6853 | D:8      | Reached ** piety under Makhleb
  6921 | D:8      | Noticed a three-headed hydra
  6928 | D:8      | Killed a three-headed hydra
  7056 | D:8      | Killed derval's ghost
  7056 | D:8      | Reached skill level 16 in Axes
  7166 | D:9      | Found a basalt altar of Yredelemnul.
  7193 | D:9      | Noticed Psyche
  7194 | D:9      | Reached skill level 10 in Fighting
  7200 | D:9      | Killed Psyche
  7200 | D:9      | Reached skill level 5 in Shields
  7288 | D:9      | Found a sacrificial altar of Ru.
  7615 | D:9      | Reached XP level 11. HP: 99/99 MP: 10/10
  8119 | D:10     | Entered Level 10 of the Dungeon
  8132 | D:10     | Found a staircase to the Lair.
  8138 | Lair:1   | Entered Level 1 of the Lair of Beasts
  8328 | Lair:1   | Reached *** piety under Makhleb
  8359 | Lair:1   | Noticed a six-headed hydra
  8365 | Lair:1   | Killed a six-headed hydra
  8365 | Lair:1   | Reached skill level 10 in Shields
  8685 | Lair:1   | Found a basalt altar of Yredelemnul.
  8737 | Lair:1   | Found a frozen archway.
  8774 | IceCv    | Entered an ice cave
  8829 | IceCv    | Reached **** piety under Makhleb
  9137 | IceCv    | Reached XP level 12. HP: 96/106 MP: 11/11
  9197 | IceCv    | Noticed a frost giant
  9214 | IceCv    | HP: 5/106 [frost giant/bolt of cold (82)]
  9254 | IceCv    | Killed from afar by a frost giant

Vault maps used:
D:1:      minmay_arrival_up_and_down, minmay_pentomino_p2
D:2:      minmay_cupped
D:3:      gup_sewer_entry_bubbles, nicolae_dithmenos_shadow_blocks
D:4:      first_ration, minmay_crystal_room
D:5:      bloody_trog, gammafunk_ghost_mausoleum
D:6:      lemuel_crystal_altar, lemuel_round_altar, minmay_lizard_king,
          uniq_grinder, uniq_edmund
D:7:      old_standard_altar, lemuel_crystal_altar, minmay_temple_entry_junction
D:8:      tso_altar, biasface_ghost_orc_armoury, serial_shops, shop,
          hangedman_ranch, uniq_grum
D:9:      basic_altar, nrook_uturn, nicolae_ru_great_annihilating_truth,
          uniq_psyche
D:10:     minmay_distorted_concentric_squares, lair_entry_dummy, orc_0_dummy
Temple:   nicolae_temple_elliptical
Lair:1:   basic_altar, portal_ice_cave_entry_ice_beasts, serial_bayou_lagoon_b,
          infiniplex_staircase_pool_2, serial_bayou_shore_b
Sewer:    sewer_big_baddie
IceCv:    ice_cave_small_giant

Skill      XL: |  1  2  3  4  5  6  7  8  9 10 11 |
---------------+----------------------------------+-----
Axes           | 3 4 5 6 8 10 12 14 16 | 16.0
Fighting       | 4 5 8 10 | 10.0
Armour         | 4 |  4.0
Shields        | 4 6 13 | 13.7

Action                   |  1- 3 |  4- 6 |  7- 9 | 10-12 || total
-------------------------+-------+-------+-------+-------++-------
Melee: War axe           |    89 |   130 |   198 |   279 ||   696
       Headbutt          |    11 |    22 |    37 |    82 ||   152
       Flail             |       |       |       |     9 ||     9
Invok: Lesser Servant of |       |       |       |     2 ||     2
Evoke: Wand              |       |       |       |     1 ||     1
  Use: Scroll            |     3 |     7 |    10 |     5 ||    25
       Potion            |       |     1 |     1 |     6 ||     8
  Eat: Chunk             |       |     6 |     7 |     7 ||    20
       Ration            |       |       |     2 |       ||     2
Armor: Scale mail        |    35 |    59 |    53 |    63 ||   210
Dodge: Dodged            |    25 |    58 |    48 |    62 ||   193
Block: Shield            |    51 |    62 |    61 |   150 ||   324

Table legend:
 A = Non-vault XP
 B = Vault XP
 C = Vault XP percentage of total XP
 D = Non-vault monster count
 E = Vault monster count
 F = Vault count percentage of total count
                 A         B        C        D         E       F
            +---------+---------+-------+---------+---------+-------
      Total |   10111 |   13341 |  56.9 |     181 |     102 |  36.0
            +---------+---------+-------+---------+---------+-------
        D:1 |      48 |       1 |   2.0 |      26 |       1 |   3.7
        D:2 |      92 |       6 |   6.1 |      18 |       4 |  18.2
        D:3 |      41 |      44 |  51.8 |       9 |       5 |  35.7
        D:4 |     374 |       0 |   0.0 |      23 |       0 |   0.0
        D:5 |     637 |     347 |  35.3 |      20 |       5 |  20.0
        D:6 |     401 |     465 |  53.7 |      10 |      14 |  58.3
        D:7 |     794 |       0 |   0.0 |      15 |       0 |   0.0
        D:8 |    2091 |    3732 |  64.1 |      20 |      21 |  51.2
        D:9 |    2409 |     509 |  17.4 |      23 |       5 |  17.9
       D:10 |     124 |       0 |   0.0 |       1 |       0 |   0.0
     Lair:1 |    3100 |    1061 |  25.5 |      16 |       8 |  33.3
      Sewer |       0 |     146 | 100.0 |       0 |       6 | 100.0
      IceCv |       0 |    7030 | 100.0 |       0 |      33 | 100.0
            +---------+---------+-------+---------+---------+-------
